 Dungeon Crawl Stone Soup version 0.20.0-10-g0535bb4 (webtiles) character file.

92 blackwizard the Gusty (level 4, -9/39 HPs)
             Began as a Troll Air Elementalist on June 6, 2017.
             Mangled by an ogre
             ... wielding a +0 giant spiked club
              (24 damage)
             ... on level 3 of the Dungeon.
             The game lasted 00:13:11 (2162 turns).

blackwizard the Gusty (Troll Air Elementalist)      Turns: 2162, Time: 00:13:12

Health: -9/39      AC:  7    Str: 17    XL:     4   Next: 35%
Magic:  2/5        EV: 10    Int: 11    God:
Gold:   121        SH:  0    Dex: 10    Spells: 3/6 levels left

rFire    . . .     SeeInvis .   e - +0 mace
rCold    + . .     Gourm    +   (no shield)
rNeg     . . .     Faith    .   t - +2 robe {MR+}
rPois    .         Spirit   .   (helmet restricted)
rElec    .         Reflect  .   f - scarf {cloud immunity}
rCorr    .         Harm     .   (gloves unavailable)
MR       +....                  (boots unavailable)
Stlth    ++........             (no amulet)
Regen    0.6/turn               g - ring of stealth
MPRegen  0.1/turn               j - ring of protection from cold

@: very slightly contaminated
A: unfitting armour, claws 3, fast metabolism 3, gourmand, regeneration 1,
shaggy fur 1, tough skin 2
a: no special abilities


You were on level 3 of the Dungeon.
You were hungry.

You visited 1 branch of the dungeon, and saw 4 of its levels.

You collected 121 gold pieces.

Inventory:

Hand Weapons
 e - a +0 mace (weapon)
 i - a +0 blowgun
 w - a +0 hand axe
 y - a +0 trident
 A - a +0 short sword
 B - a +0 war axe
 C - a +1 vampiric dagger
Missiles
 l - 25 bolts
 u - 5 tomahawks (quivered)
 v - a throwing net
 z - 28 stones
 D - 15 poisoned needles
Armour
 a - a +0 robe
 f - a scarf of cloud immunity (worn)
 t - a +2 robe of magic resistance (worn)
Jewellery
 g - a ring of stealth (left claw)
 j - a ring of protection from cold (right claw)
Scrolls
 d - a scroll of magic mapping {unknown}
 k - a scroll of identify {unknown}
 m - 2 scrolls of blinking {unknown}
 x - a scroll of enchant armour {unknown}
Potions
 n - a potion of ambrosia {unknown}
 o - 2 potions of curing {unknown}
 p - 2 potions of heal wounds {unknown}
Books
 b - a book of Air

   Spells                             Type                      Level
   a - Shock                          Conjuration/Air              1
   b - Swiftness                      Charms/Air                   2
   c - Static Discharge               Conjuration/Air              3
   d - Airstrike                      Air                          4
   e - Lightning Bolt                 Conjuration/Air              5
 r - a book of Conjurations

   Spells                             Type                      Level
   a - Magic Dart                     Conjuration                  1
   b - Searing Ray                    Conjuration                  2
   c - Dazzling Spray                 Conjuration/Hexes            3
   d - Fulminant Prism                Conjuration/Hexes            4
   e - Force Lance                    Conjuration/Translocation    4
   f - Iskenderun's Mystic Blast      Conjuration                  4
 s - a book of Minor Magic

   Spells                             Type                      Level
   a - Magic Dart                     Conjuration                  1
   b - Blink                          Translocation                2
   c - Call Imp                       Summoning                    2
   d - Slow                           Hexes                        2
   e - Conjure Flame                  Conjuration/Fire             3
   f - Mephitic Cloud                 Conjuration/Poison/Air       3
Comestibles
 c - a bread ration
 h - a meat ration
 q - a fruit
 E - a chunk of flesh


   Skills:
 + Level 0.1 Fighting
 + Level 1.2 Maces & Flails
 + Level 1.9 Dodging
 + Level 1.3 Stealth
 + Level 1.8 Spellcasting
 + Level 1.1 Conjurations
 + Level 0.2 Summonings
 + Level 2.3 Air Magic


You had 3 spell levels left.
You knew the following spells:

 Your Spells              Type           Power        Failure   Level  Hunger
a - Shock                 Conj/Air       #...         14%         1    ##.....
b - Call Imp              Summ           #.......     38%         2    ###....


Dungeon Overview and Level Annotations

Branches:
Dungeon (4/15)
 Temple: D:4-7

Altars:


Innate Abilities, Weirdness & Mutations

You are too large for most types of armour.
You have claws for hands.
Your metabolism is lightning-fast.
You like to eat raw meat.
Your natural rate of healing is unusually fast.
You are covered in fur. (AC +1)
You have very tough skin. (AC +2)


Message History

A beastly little devil appears in a puff of flame.
You are feeling hungry.
The ogre hits you with a giant spiked club!
You swap places.
Your crimson imp hits the ogre.
Your crimson imp hits the ogre.
The ogre barely misses you.
Your crimson imp blinks!
You hit the leopard gecko.
You kill the leopard gecko!
The ogre hits you with a giant spiked club!
Your crimson imp blinks!
Your crimson imp hits the ogre.
Your crimson imp hits the ogre.
Your crimson imp blinks!
Your crimson imp disappears in a puff of smoke!
The ogre hits you with a giant spiked club!
* * * LOW HITPOINT WARNING * * *
The ogre hits you with a giant spiked club!!
Ouch! That really hurt!
You die...

########## #....>...##
##.######..## ######### #####..#
##..# ##.......####.@...## ##.#
#............O..### #<###
#.#.#.#...#.#.#.## #...#
#....)...........##### ###.#
#.#.#.#...#.#.#......## #..
#.....................## ###>
#.#.#.#...#.#.#........#####...
#.............................#
####.....####.........ยง........


You could see an ogre.

Vanquished Creatures
  2 adders (D:2)
  3 worms
  A dart slug (D:2)
  A leopard gecko (D:3)
  3 orcs (D:3)
  3 giant cockroaches
  4 goblins
  6 hobgoblins
  A ball python (D:2)
  3 bats
  3 frilled lizards (D:1)
  3 kobolds
  5 rats
38 creatures vanquished.

Vanquished Creatures (collateral kills)
  2 adders (D:3)
  An adder skeleton (D:4)
  A dart slug (D:4)
  5 orcs (D:3)
  A goblin (D:3)
  A kobold (D:3)
  A leopard gecko skeleton (D:4)
12 creatures vanquished.

Grand Total: 50 creatures vanquished

Notes
Turn   | Place    | Note
-------+----------+-------------------------------------------
     0 | D:1      | blackwizard the Troll Air Elementalist began the quest for the Orb.
     0 | D:1      | Reached XP level 1. HP: 16/16 MP: 1/1
   459 | D:1      | Reached XP level 2. HP: 17/24 MP: 3/3
   787 | D:2      | Reached XP level 3. HP: 26/31 MP: 0/4
   902 | D:2      | Reached skill level 1 in Conjurations
  1315 | D:3      | Learned a level 2 spell: Call Imp
  1362 | D:3      | Reached skill level 1 in Maces & Flails
  1652 | D:3      | Reached XP level 4. HP: 38/39 MP: 0/5
  2088 | D:4      | Noticed an ogre
  2162 | D:3      | Mangled by an ogre

Skill      XL: |  1  2  3 |
---------------+----------+-----
Conjurations   | 1 |  1.1
Maces & Flails | 1 |  1.2
Fighting       | |  0.1
Dodging        | |  1.9
Stealth        | |  1.3
Spellcasting   | |  1.8
Summonings     | |  0.2
Air Magic      | |  2.3

Action                   |  1- 3 |  4- 6 || total
-------------------------+-------+-------++-------
Melee: Mace              |   117 |    27 ||   144
       Unarmed           |     7 |       ||     7
 Cast: Shock             |    50 |       ||    50
       Call Imp          |     5 |     7 ||    12
 Stab: Sleeping          |     2 |       ||     2
  Eat: Bread ration      |     1 |       ||     1
       Chunk             |    10 |     6 ||    16
Armor: Robe              |    53 |    12 ||    65
Dodge: Dodged            |    72 |    25 ||    97
